Login

New York Islanders vs Boston Bruins

Created - 28 April 2024 at 23:16

Goals
1 2 3 OT1 T
New York Islanders 0 1 1 0 2
Boston Bruins 0 0 2 1 3
Shots
1 2 3 OT1 T
New York Islanders 10 9 9 0 28
Boston Bruins 14 11 18 3 46

GoalsPenalties
1st period
No Goal
No Penalty
2nd period
1. New York Islanders , Jakob Chychrun 2 (Jean-Gabriel Pageau 7) at 17:53
Oliver Wahlstrom (NYI) for Cross-checking (Minor) at 1:51
Erik Brannstrom (BOS) for High sticking (Minor) at 5:22
Brad Marchand (BOS) for Holding (Minor) at 13:25
3rd period
2. New York Islanders , Thomas Chabot 6 (Brock Nelson 13) at 1:29
3. Boston Bruins , Dominik Kubalik 7 (Jake DeBrusk 11, Tony DeAngelo 8) at 7:21
4. Boston Bruins , Jake DeBrusk 7 (Pavel Zacha 13, Dominik Kubalik 5) at 15:45 (PP)
Thomas Chabot (NYI) for Interference (Minor) at 3:16
Charlie McAvoy (BOS) for Boarding (Minor) at 7:45
Patrick Brown (BOS) for High sticking (Minor) at 11:54
Alexander Romanov (NYI) for Holding (Minor) at 15:35
Overtime #1
5. Boston Bruins , Brad Marchand 10 (David Pastrnak 14) at 1:48
No Penalty
Goalie Stats
Ilya Sorokin (NYI), 43 saves from 46 shots - (0.935), OTL, 14-5-2, 61:48 minutes
Linus Ullmark (BOS), 26 saves from 28 shots - (0.929), W, 12-5-1, 61:48 minutes
3 StarsOfficial
1 - Jake DeBrusk (BOS)
2 - Dominik Kubalik (BOS)
3 - Ilya Sorokin (NYI)
Referees : Kyle Rehman and TJ Luxmore
Linesman : Jim Harper and Julien Fournier
Game Note
15:45 of 3rd period - Boston Bruins goal is going for a video replay. After video review, Goal.
Finance
Level 1 -- Attendance: 5497 (91.62%) -- Ticket Income $549,700
Level 2 -- Attendance: 5000 (100.00%) -- Ticket Income $300,000
Level 3 -- Attendance: 1541 (77.05%) -- Ticket Income $53,935
Level 4 -- Attendance: 3148 (78.70%) -- Ticket Income $78,700
Luxury Box -- Attendance: 963 (96.30%) -- Ticket Income $192,600
Game was played at the TD Garden.
Total Attendance: 16149 (89.72%)
Total Ticket Income: $1,174,935
Other Income: $575,718
Total Income: $1,750,653



Team Name Goals Shots Shots Attemp Shots Blocked PIM HIT PP PK FO%
New York Islanders 22850126190 / 4 (0%)155%
Boston Bruins 3467868151 / 3 (33%)045%

New York Islanders
Player Name POS G A P +/- PIM HIT SHT SB MP PP MP PP SHT PK MP PK SHT FO% FOT GA TA
Adam PelechD000-1000112:050:0000:0000% 000
Alexander RomanovD0001210020:133:1901:5000% 000
Anders LeeLW000-2001227:174:0702:1400% 200
Bo HorvatC000-1017322:434:0712:23165% 3700
Brock NelsonC0111000019:543:4901:01057% 710
Cal ClutterbuckRW0001032011:440:0000:0000% 000
Casey CizikasC000002006:430:0000:0000% 301
Jakob ChychrunD1011003020:143:1901:5000% 010
Jason ZuckerLW0001023014:120:0000:000100% 210
Jean-Gabriel PageauC0111004013:370:0000:53050% 1000
Julien GauthierRW000000006:480:0000:0000% 100
Mathew BarzalC000-2003021:254:0721:0100% 201
Matt MartinLW0001031016:593:4900:4400% 001
Oliver WahlstromRW0001200018:053:4900:0000% 001
Ryan PulockD000-1000313:080:0001:0300% 001
Samuel BolducD000000002:570:0000:0000% 000
Scott MayfieldD0001071128:294:3702:1800% 000
Thomas ChabotD1010203224:404:3701:1510% 000
Boston Bruins
Player Name POS G A P +/- PIM HIT SHT SB MP PP MP PP SHT PK MP PK SHT FO% FOT GA TA
Alec RegulaD0000000017:371:2803:2100% 000
Brad MarchandLW1011215021:302:1502:3500% 101
Charlie CoyleC0001022019:392:1503:31050% 1600
Charlie McAvoyD000-2201225:042:4003:3900% 020
Danton HeinenLW000000418:200:0000:4600% 100
David PastrnakRW0111003117:512:1500:00017% 600
Derek ForbortD0001020022:231:2803:2100% 000
Dominik KubalikLW1121012015:081:5300:0000% 010
Erik BrannstromD0001201117:410:0000:2400% 000
Hampus LindholmD000-1004026:152:4004:3500% 000
Jake DeBruskLW11210210020:011:5314:1800% 120
Jesper FastRW000-2012011:520:0000:000100% 100
Milan LucicLW000-2010011:480:0000:000100% 101
Morgan GeekieC000000217:340:0000:0000% 000
Patrick BrownC000021108:550:0000:29067% 300
Pavel ZachaC0110022021:301:5314:13050% 2400
Tony DeAngeloD0110004012:500:0000:3200% 001
Trent FredericC000-2023011:260:0000:00040% 1000

New York Islanders

5 vs 5 Forward
Line #Left WingCenterRight WingPHYDFOFWanted %Time %Time Play
1Anders LeeBo HorvatMathew Barzal1224033%15:47
2Jason ZuckerBrock NelsonOliver Wahlstrom1223130%14:11
3Matt MartinJean-Gabriel PageauCal Clutterbuck1222124%11:23
4Anders LeeCasey CizikasJulien Gauthier122814%6:35
5 vs 5 Defense
Line #DefenseDefensePHYDFOFWanted %Time %Time Play
1Scott MayfieldThomas Chabot1224037%17:49
2Jakob ChychrunAlexander Romanov1223131%15:05
3Adam PelechRyan Pulock1222125%12:05
4Samuel BolducScott Mayfield12286%2:57
Power Play Forward
Line #Left WingCenterRight WingPHYDFOFWanted %Time %Time Play
1Anders LeeBo HorvatMathew Barzal1226052%4:07
2Matt MartinBrock NelsonOliver Wahlstrom1224048%3:49
Power Play Defense
Line #DefenseDefensePHYDFOFWanted %Time %Time Play
1Scott MayfieldThomas Chabot1226058%4:37
2Jakob ChychrunAlexander Romanov1224042%3:19
Penalty Kill 4 Players Forward
Line #CenterWingPHYDFOFWanted %Time %Time Play
1Bo HorvatAnders Lee1226075%3:07
2Brock NelsonMathew Barzal1224025%1:01
Penalty Kill 4 Players Defense
Line #DefenseDefensePHYDFOFWanted %Time %Time Play
1Scott MayfieldThomas Chabot1226056%2:18
2Jakob ChychrunAlexander Romanov1224044%1:50
Penalty Kill 3 Players
Line #WingPHYDFOFWanted %Time %Time PlayDefenseDefensePHYDFOFWanted %Time %Time Play
1Bo Horvat122600%0:00 Scott MayfieldThomas Chabot122600%0:00
2Brock Nelson122400%0:00 Jakob ChychrunAlexander Romanov122400%0:00
4 vs 4 Forward
Line #CenterWingPHYDFOFWanted %Time %Time Play
1Bo HorvatAnders Lee122600%0:00
2Brock NelsonMathew Barzal122400%0:00
4 vs 4 Defense
Line #DefensePHYDFOFWanted %Time %Time Play
1Scott MayfieldThomas Chabot122600%0:00
2Jakob ChychrunAlexander Romanov122400%0:00
Last Minutes Offensive
Left WingCenterRight WingDefenseDefense
Anders LeeBo HorvatMathew BarzalScott MayfieldThomas Chabot
Last Minutes Defensive
Left WingCenterRight WingDefenseDefense
Anders LeeBo HorvatMathew BarzalScott MayfieldThomas Chabot
Time
Total ForwardTotal DefenseLast Minutes OffensiveLast Minutes Defensive
60:00 60:00 0:000:00
Extra Forwards
Normal PowerPlayPenalty Kill
Jean-Gabriel Pageau, Mathew Barzal, Cal ClutterbuckJean-Gabriel Pageau, Matt MartinJean-Gabriel Pageau
Extra Defensemen
Normal PowerPlayPenalty Kill
Thomas Chabot, Scott Mayfield, Jakob ChychrunAdam Pelech, Ryan PulockSamuel Bolduc
Penalty Shots
Bo Horvat, Brock Nelson, Anders Lee, Mathew Barzal, Jean-Gabriel Pageau
Goalie
Ilya Sorokin, Semyon Varlamov
Custom OT Lines Forwards
Bo Horvat, Brock Nelson, Anders Lee, Mathew Barzal, Jean-Gabriel Pageau, Matt Martin, Cal Clutterbuck, Casey Cizikas, Jason Zucker, Oliver Wahlstrom
Custom OT Lines Defensemen
Thomas Chabot, Scott Mayfield, Ryan Pulock, Alexander Romanov, Jakob Chychrun
Scratches
Sebastian D Aho (Healthy), Hudson Fasching (Healthy), Kyle Palmieri (Left Eye Injury)

Boston Bruins

5 vs 5 Forward
Line #Left WingCenterRight WingPHYDFOFWanted %Time %Time Play
1Brad MarchandPavel ZachaDavid Pastrnak0413434%16:12
2Dominik KubalikCharlie CoyleJake DeBrusk0413027%12:44
3Milan LucicTrent FredericJesper Fast0412424%11:26
4Danton HeinenPatrick BrownMorgan Geekie0501216%7:34
5 vs 5 Defense
Line #DefenseDefensePHYDFOFWanted %Time %Time Play
1Hampus LindholmCharlie McAvoy0413838%18:04
2Derek ForbortErik Brannstrom0413537%17:34
3Tony DeAngeloAlec Regula1312726%12:18
4Hampus LindholmCharlie McAvoy11300%0:00
Power Play Forward
Line #Left WingCenterRight WingPHYDFOFWanted %Time %Time Play
1Brad MarchandCharlie CoyleDavid Pastrnak0146054%2:15
2Jake DeBruskPavel ZachaDominik Kubalik0144046%1:53
Power Play Defense
Line #DefenseDefensePHYDFOFWanted %Time %Time Play
1Hampus LindholmCharlie McAvoy0146065%2:40
2Alec RegulaDerek Forbort0144035%1:28
Penalty Kill 4 Players Forward
Line #CenterWingPHYDFOFWanted %Time %Time Play
1Charlie CoyleBrad Marchand0415054%4:17
2Pavel ZachaJake DeBrusk0325046%3:39
Penalty Kill 4 Players Defense
Line #DefenseDefensePHYDFOFWanted %Time %Time Play
1Hampus LindholmCharlie McAvoy1405058%4:35
2Alec RegulaDerek Forbort1405042%3:21
Penalty Kill 3 Players
Line #WingPHYDFOFWanted %Time %Time PlayDefenseDefensePHYDFOFWanted %Time %Time Play
1Charlie Coyle230500%0:00 Hampus LindholmCharlie McAvoy140500%0:00
2Pavel Zacha140500%0:00 Alec RegulaDerek Forbort050500%0:00
4 vs 4 Forward
Line #CenterWingPHYDFOFWanted %Time %Time Play
1Charlie CoyleBrad Marchand122600%0:00
2Pavel ZachaJake DeBrusk122400%0:00
4 vs 4 Defense
Line #DefensePHYDFOFWanted %Time %Time Play
1Hampus LindholmCharlie McAvoy122600%0:00
2Alec RegulaDerek Forbort122400%0:00
Last Minutes Offensive
Left WingCenterRight WingDefenseDefense
Brad MarchandCharlie CoyleDavid PastrnakHampus LindholmCharlie McAvoy
Last Minutes Defensive
Left WingCenterRight WingDefenseDefense
Brad MarchandCharlie CoyleDavid PastrnakHampus LindholmCharlie McAvoy
Time
Total ForwardTotal DefenseLast Minutes OffensiveLast Minutes Defensive
60:00 60:00 0:000:00
Extra Forwards
Normal PowerPlayPenalty Kill
Pavel Zacha, Dominik Kubalik, Milan LucicPavel Zacha, Dominik KubalikPavel Zacha
Extra Defensemen
Normal PowerPlayPenalty Kill
Derek Forbort, Tony DeAngelo, Erik BrannstromDerek Forbort, Derek ForbortTony DeAngelo
Penalty Shots
David Pastrnak, Brad Marchand, Charlie Coyle, Jake DeBrusk, Pavel Zacha
Goalie
Linus Ullmark, Petr Mrazek
Custom OT Lines Forwards
David Pastrnak, Brad Marchand, Charlie Coyle, Jake DeBrusk, Pavel Zacha, Dominik Kubalik, Milan Lucic, Tony DeAngelo, Trent Frederic, Morgan Geekie
Custom OT Lines Defensemen
Hampus Lindholm, Charlie McAvoy, Alec Regula, Derek Forbort, Tony DeAngelo
Scratches
Jesper Boqvist (Healthy), Brandon Carlo (Left Forearm Injury), Jakub Zboril (Healthy)


Play-by-Play

1st period


0:01 of 1st period - Pavel Zacha wins face-off versus Bo Horvat in neutral zone.
0:10 of 1st period - Snap shot by David Pastrnak.
0:10 of 1st period - Shot Blocked by Bo Horvat.
0:54 of 1st period - Jesper Fast is hit by Cal Clutterbuck and loses puck.
2:10 of 1st period - Adam Pelech is hit by Patrick Brown.
2:22 of 1st period - Derek Forbort is hit by Scott Mayfield.
2:23 of 1st period - Icing by Derek Forbort.
2:24 of 1st period - Patrick Brown wins face-off versus Jean-Gabriel Pageau in Boston Bruins zone.
2:29 of 1st period - Slapshot by Derek Forbort.
2:29 of 1st period - Deflect By Danton Heinen.
2:29 of 1st period - Shot Misses the Net.
2:29 of 1st period - Puck is out of play.
2:30 of 1st period - Jean-Gabriel Pageau wins face-off versus Brad Marchand in New York Islanders zone.
2:45 of 1st period - Off-side.
2:46 of 1st period - Jesper Fast wins face-off versus Brock Nelson in neutral zone.
2:56 of 1st period - Snap shot by Trent Frederic.
2:56 of 1st period - Stopped by Ilya Sorokin without a rebound.
2:57 of 1st period - Charlie Coyle wins face-off versus Anders Lee in New York Islanders zone.
3:02 of 1st period - Wrist shot by Jake DeBrusk.
3:02 of 1st period - Shot Misses the Net.
3:04 of 1st period - Snap shot by Tony DeAngelo.
3:04 of 1st period - Shot Misses the Net.
3:06 of 1st period - Wrist shot by Jake DeBrusk.
3:06 of 1st period - Stopped by Ilya Sorokin without a rebound.
3:07 of 1st period - Bo Horvat wins face-off versus Charlie Coyle in New York Islanders zone.
3:14 of 1st period - Snap shot by Jake DeBrusk.
3:14 of 1st period - Shot Misses the Net.
3:16 of 1st period - Backhand shot by Jake DeBrusk.
3:16 of 1st period - Stopped by Ilya Sorokin with a rebound.
3:18 of 1st period - Snap shot by Jake DeBrusk.
3:18 of 1st period - Shot Misses the Net.
3:20 of 1st period - Wrist shot by Jake DeBrusk.
3:20 of 1st period - Stopped by Ilya Sorokin without a rebound.
3:21 of 1st period - Jason Zucker wins face-off versus Pavel Zacha in New York Islanders zone.
3:21 of 1st period - Jason Zucker is hit by Brad Marchand.
3:37 of 1st period - Slapshot by Jason Zucker.
3:37 of 1st period - Shot Misses the Net.
3:55 of 1st period - Snap shot by Charlie Coyle.
3:55 of 1st period - Stopped by Ilya Sorokin without a rebound.
3:56 of 1st period - Charlie Coyle wins face-off versus Bo Horvat in New York Islanders zone.
3:57 of 1st period - Snap shot by Jake DeBrusk.
3:57 of 1st period - Stopped by Ilya Sorokin without a rebound.
3:58 of 1st period - Trent Frederic wins face-off versus Bo Horvat in New York Islanders zone.
4:11 of 1st period - Slapshot by Tony DeAngelo.
4:11 of 1st period - Shot Blocked by Anders Lee.
4:13 of 1st period - Snap shot by Trent Frederic.
4:13 of 1st period - Deflect By Thomas Chabot.
4:13 of 1st period - Shot Misses the Net.
4:13 of 1st period - Puck is out of play.
4:14 of 1st period - Pavel Zacha wins face-off versus Jean-Gabriel Pageau in New York Islanders zone.
5:02 of 1st period - Slapshot by Tony DeAngelo.
5:02 of 1st period - Stopped by Ilya Sorokin with a rebound.
5:04 of 1st period - Wrist shot by Patrick Brown.
5:04 of 1st period - Shot Blocked by Bo Horvat.
5:30 of 1st period - Slapshot by Jake DeBrusk.
5:30 of 1st period - Stopped by Ilya Sorokin without a rebound.
5:31 of 1st period - Jean-Gabriel Pageau wins face-off versus Pavel Zacha in New York Islanders zone.
5:38 of 1st period - Snap shot by Thomas Chabot.
5:38 of 1st period - Shot Misses the Net.
6:09 of 1st period - Wrist shot by Jason Zucker.
6:09 of 1st period - Stopped by Linus Ullmark with a rebound.
6:24 of 1st period - Off-side.
6:25 of 1st period - Milan Lucic wins face-off versus Casey Cizikas in neutral zone.
6:37 of 1st period - Wrist shot by Anders Lee.
6:37 of 1st period - Stopped by Linus Ullmark with a rebound.
6:43 of 1st period - Slapshot by Jakob Chychrun.
6:43 of 1st period - Stopped by Linus Ullmark without a rebound.
6:44 of 1st period - Brock Nelson wins face-off versus Pavel Zacha in Boston Bruins zone.
7:11 of 1st period - Thomas Chabot is hit by Trent Frederic and loses puck.
7:18 of 1st period - Wrist shot by Mathew Barzal.
7:18 of 1st period - Shot Misses the Net.
7:20 of 1st period - Slapshot by Mathew Barzal.
7:20 of 1st period - Stopped by Linus Ullmark without a rebound.
7:21 of 1st period - Charlie Coyle wins face-off versus Jean-Gabriel Pageau in Boston Bruins zone.
7:21 of 1st period - Charlie Coyle is hit by Matt Martin.
7:37 of 1st period - Wrist shot by Jake DeBrusk.
7:37 of 1st period - Deflect By Alexander Romanov.
7:37 of 1st period - Stopped by Ilya Sorokin with a rebound.
8:08 of 1st period - Off-side.
8:09 of 1st period - Jason Zucker wins face-off versus Trent Frederic in neutral zone.
8:48 of 1st period - Wrist shot by Bo Horvat.
8:48 of 1st period - Stopped by Linus Ullmark without a rebound.
8:49 of 1st period - Jean-Gabriel Pageau wins face-off versus David Pastrnak in Boston Bruins zone.
9:00 of 1st period - Snap shot by Cal Clutterbuck.
9:00 of 1st period - Stopped by Linus Ullmark without a rebound.
9:01 of 1st period - Bo Horvat wins face-off versus Danton Heinen in Boston Bruins zone.
9:28 of 1st period - Wrist shot by David Pastrnak.
9:28 of 1st period - Stopped by Ilya Sorokin with a rebound.
9:36 of 1st period - David Pastrnak is hit by Scott Mayfield and loses puck.
9:57 of 1st period - Wrist shot by Jake DeBrusk.
9:57 of 1st period - Shot Misses the Net.
10:21 of 1st period - Erik Brannstrom is hit by Casey Cizikas and loses puck.
10:33 of 1st period - Slapshot by Jakob Chychrun.
10:33 of 1st period - Stopped by Linus Ullmark with a rebound.
10:46 of 1st period - Icing by Alexander Romanov.
10:47 of 1st period - Pavel Zacha wins face-off versus Casey Cizikas in New York Islanders zone.
12:31 of 1st period - Jake DeBrusk is hit by Cal Clutterbuck and loses puck.
13:58 of 1st period - Pavel Zacha is hit by Scott Mayfield.
14:02 of 1st period - Derek Forbort is hit by Scott Mayfield and loses puck.
15:55 of 1st period - Slapshot by Tony DeAngelo.
15:55 of 1st period - Deflect By Brock Nelson.
15:55 of 1st period - Stopped by Ilya Sorokin with a rebound.
15:57 of 1st period - Wrist shot by Jesper Fast.
15:57 of 1st period - Shot Blocked by Ryan Pulock.
15:59 of 1st period - Slapshot by Tony DeAngelo.
15:59 of 1st period - Stopped by Ilya Sorokin without a rebound.
16:00 of 1st period - Charlie Coyle wins face-off versus Jean-Gabriel Pageau in New York Islanders zone.
16:20 of 1st period - Icing by Alec Regula.
16:21 of 1st period - Bo Horvat wins face-off versus David Pastrnak in Boston Bruins zone.
17:10 of 1st period - Ryan Pulock is hit by Trent Frederic.
17:42 of 1st period - Slapshot by Erik Brannstrom.
17:42 of 1st period - Deflect By Anders Lee.
17:42 of 1st period - Stopped by Ilya Sorokin with a rebound.
17:58 of 1st period - Wrist shot by Jason Zucker.
17:58 of 1st period - Stopped by Linus Ullmark with a rebound.
18:00 of 1st period - Snap shot by Oliver Wahlstrom.
18:00 of 1st period - Shot Blocked by David Pastrnak.
18:02 of 1st period - Backhand shot by Jason Zucker.
18:02 of 1st period - Stopped by Linus Ullmark without a rebound.
18:03 of 1st period - Jean-Gabriel Pageau wins face-off versus Charlie Coyle in Boston Bruins zone.
18:06 of 1st period - Wrist shot by Jean-Gabriel Pageau.
18:06 of 1st period - Deflect By Cal Clutterbuck.
18:06 of 1st period - Stopped by Linus Ullmark without a rebound.
18:07 of 1st period - Charlie Coyle wins face-off versus Jean-Gabriel Pageau in Boston Bruins zone.
18:12 of 1st period - Scott Mayfield is hit by Dominik Kubalik and loses puck.
18:23 of 1st period - Snap shot by Jake DeBrusk.
18:23 of 1st period - Stopped by Ilya Sorokin with a rebound.
18:55 of 1st period - Oliver Wahlstrom is hit by Milan Lucic and loses puck.
19:06 of 1st period - Snap shot by Jason Zucker.
19:06 of 1st period - Shot Misses the Net.
Goals for this period are 0 for New York Islanders vs 0 for Boston Bruins.
Shots for this period are 10 for New York Islanders vs 14 for Boston Bruins.

2nd period


0:01 of 2nd period - Pavel Zacha wins face-off versus Bo Horvat in neutral zone.
0:04 of 2nd period - Anders Lee is hit by Pavel Zacha and loses puck.
0:27 of 2nd period - Scott Mayfield is hit by Charlie Coyle and loses puck.
1:00 of 2nd period - Off-side.
1:01 of 2nd period - Bo Horvat wins face-off versus Pavel Zacha in neutral zone.
1:43 of 2nd period - Wrist shot by Dominik Kubalik.
1:43 of 2nd period - Shot Misses the Net.
1:45 of 2nd period - Slapshot by Tony DeAngelo.
1:45 of 2nd period - Deflect By Jakob Chychrun.
1:45 of 2nd period - Stopped by Ilya Sorokin with a rebound.
1:51 of 2nd period - Minor Penalty to Oliver Wahlstrom for Cross-checking.
1:52 of 2nd period - Bo Horvat wins face-off versus Charlie Coyle in New York Islanders zone.
2:05 of 2nd period - Snap shot by Bo Horvat.
2:05 of 2nd period - Stopped by Linus Ullmark without a rebound.
2:06 of 2nd period - Bo Horvat wins face-off versus Charlie Coyle in Boston Bruins zone.
2:07 of 2nd period - Snap shot by Thomas Chabot.
2:07 of 2nd period - Stopped by Linus Ullmark with a rebound.
2:41 of 2nd period - Snap shot by Jake DeBrusk.
2:41 of 2nd period - Shot Misses the Net.
3:51 of 2nd period - Penalty to Oliver Wahlstrom is over, Oliver Wahlstrom is back on ice.
4:40 of 2nd period - Scott Mayfield is hit by Derek Forbort and loses puck.
4:55 of 2nd period - Tony DeAngelo is hit by Cal Clutterbuck and loses puck.
5:22 of 2nd period - Minor Penalty to Erik Brannstrom for High sticking.
5:23 of 2nd period - Pavel Zacha wins face-off versus Bo Horvat in Boston Bruins zone.
5:49 of 2nd period - Snap shot by Brock Nelson.
5:49 of 2nd period - Deflect By Charlie Coyle.
5:49 of 2nd period - Shot Misses the Net.
5:49 of 2nd period - Puck is out of play.
5:50 of 2nd period - Brock Nelson wins face-off versus Jake DeBrusk in Boston Bruins zone.
6:17 of 2nd period - Brad Marchand is hit by Scott Mayfield and loses puck.
7:22 of 2nd period - Penalty to Erik Brannstrom is over, Erik Brannstrom is back on ice.
7:58 of 2nd period - Wrist shot by Jean-Gabriel Pageau.
7:58 of 2nd period - Stopped by Linus Ullmark with a rebound.
8:00 of 2nd period - Snap shot by Ryan Pulock.
8:00 of 2nd period - Shot Blocked by Danton Heinen.
8:06 of 2nd period - Snap shot by Jean-Gabriel Pageau.
8:06 of 2nd period - Stopped by Linus Ullmark with a rebound.
8:34 of 2nd period - Snap shot by Jake DeBrusk.
8:34 of 2nd period - Stopped by Ilya Sorokin without a rebound.
8:35 of 2nd period - Jean-Gabriel Pageau wins face-off versus Charlie Coyle in New York Islanders zone.
10:02 of 2nd period - Snap shot by Hampus Lindholm.
10:02 of 2nd period - Stopped by Ilya Sorokin without a rebound.
10:03 of 2nd period - Pavel Zacha wins face-off versus Brock Nelson in New York Islanders zone.
10:55 of 2nd period - Snap shot by Jean-Gabriel Pageau.
10:55 of 2nd period - Shot Misses the Net.
10:57 of 2nd period - Snap shot by Jean-Gabriel Pageau.
10:57 of 2nd period - Deflect By Matt Martin.
10:57 of 2nd period - Stopped by Linus Ullmark with a rebound.
11:13 of 2nd period - Wrist shot by Anders Lee.
11:13 of 2nd period - Shot Misses the Net.
12:20 of 2nd period - Snap shot by Jean-Gabriel Pageau.
12:20 of 2nd period - Stopped by Linus Ullmark with a rebound.
12:50 of 2nd period - Snap shot by David Pastrnak.
12:50 of 2nd period - Stopped by Ilya Sorokin with a rebound.
12:52 of 2nd period - Slapshot by Alec Regula.
12:52 of 2nd period - Deflect By Charlie Coyle.
12:52 of 2nd period - Shot Misses the Net.
12:52 of 2nd period - Puck is out of play.
12:53 of 2nd period - Bo Horvat wins face-off versus Charlie Coyle in New York Islanders zone.
12:58 of 2nd period - Slapshot by Mathew Barzal.
12:58 of 2nd period - Deflect By Bo Horvat.
12:58 of 2nd period - Stopped by Linus Ullmark with a rebound.
13:14 of 2nd period - Slapshot by Derek Forbort.
13:14 of 2nd period - Shot Hit the Post.
13:25 of 2nd period - Minor Penalty to Brad Marchand for Holding.
13:26 of 2nd period - Bo Horvat wins face-off versus Pavel Zacha in Boston Bruins zone.
15:17 of 2nd period - Charlie McAvoy is hit by Matt Martin and loses puck.
15:25 of 2nd period - Penalty to Brad Marchand is over, Brad Marchand is back on ice.
15:33 of 2nd period - Slapshot by Jake DeBrusk.
15:33 of 2nd period - Stopped by Ilya Sorokin with a rebound.
15:35 of 2nd period - Wrist shot by Jake DeBrusk.
15:35 of 2nd period - Shot Misses the Net.
15:37 of 2nd period - Slapshot by Derek Forbort.
15:37 of 2nd period - Shot Misses the Net.
15:39 of 2nd period - Snap shot by Brad Marchand.
15:39 of 2nd period - Stopped by Ilya Sorokin without a rebound.
15:40 of 2nd period - Trent Frederic wins face-off versus Bo Horvat in New York Islanders zone.
15:43 of 2nd period - Wrist shot by Jesper Fast.
15:43 of 2nd period - Stopped by Ilya Sorokin without a rebound.
15:44 of 2nd period - Bo Horvat wins face-off versus Trent Frederic in New York Islanders zone.
15:55 of 2nd period - Wrist shot by Jesper Fast.
15:55 of 2nd period - Stopped by Ilya Sorokin without a rebound.
15:56 of 2nd period - Pavel Zacha wins face-off versus Bo Horvat in New York Islanders zone.
16:01 of 2nd period - Wrist shot by Brad Marchand.
16:01 of 2nd period - Stopped by Ilya Sorokin with a rebound.
16:31 of 2nd period - Snap shot by Dominik Kubalik.
16:31 of 2nd period - Shot Misses the Net.
16:47 of 2nd period - Slapshot by Hampus Lindholm.
16:47 of 2nd period - Deflect By Anders Lee.
16:47 of 2nd period - Stopped by Ilya Sorokin without a rebound.
16:48 of 2nd period - Trent Frederic wins face-off versus Casey Cizikas in New York Islanders zone.
17:03 of 2nd period - Wrist shot by Jesper Fast.
17:03 of 2nd period - Shot Blocked by Anders Lee.
17:05 of 2nd period - Wrist shot by Trent Frederic.
17:05 of 2nd period - Stopped by Ilya Sorokin without a rebound.
17:06 of 2nd period - Bo Horvat wins face-off versus Pavel Zacha in New York Islanders zone.
17:06 of 2nd period - Bo Horvat is hit by Pavel Zacha.
17:30 of 2nd period - Scott Mayfield is hit by Jake DeBrusk and loses puck.
17:53 of 2nd period - Slapshot by Jakob Chychrun.
17:53 of 2nd period - Goal by Jakob Chychrun - New York Islanders : 1 - Boston Bruins : 0.
17:54 of 2nd period - Bo Horvat wins face-off versus Pavel Zacha in neutral zone.
17:57 of 2nd period - Brad Marchand is hit by Scott Mayfield and loses puck.
18:02 of 2nd period - Snap shot by Bo Horvat.
18:02 of 2nd period - Shot Misses the Net.
18:08 of 2nd period - Slapshot by Bo Horvat.
18:08 of 2nd period - Shot Misses the Net.
18:20 of 2nd period - Derek Forbort is hit by Jason Zucker and loses puck.
19:03 of 2nd period - Snap shot by Mathew Barzal.
19:03 of 2nd period - Shot Blocked by Morgan Geekie.
19:23 of 2nd period - Pavel Zacha is hit by Casey Cizikas and loses puck.
19:44 of 2nd period - Slapshot by Thomas Chabot.
19:44 of 2nd period - Shot Blocked by Charlie McAvoy.
19:46 of 2nd period - Snap shot by Scott Mayfield.
19:46 of 2nd period - Stopped by Linus Ullmark without a rebound.
19:47 of 2nd period - Charlie Coyle wins face-off versus Brock Nelson in Boston Bruins zone.
Goals for this period are 1 for New York Islanders vs 0 for Boston Bruins.
Shots for this period are 9 for New York Islanders vs 11 for Boston Bruins.

3rd period


0:01 of 3rd period - Pavel Zacha wins face-off versus Bo Horvat in neutral zone.
0:15 of 3rd period - Snap shot by Mathew Barzal.
0:15 of 3rd period - Shot Misses the Net.
0:17 of 3rd period - Slapshot by Thomas Chabot.
0:17 of 3rd period - Shot Hit the Post.
0:54 of 3rd period - Snap shot by Brad Marchand.
0:54 of 3rd period - Stopped by Ilya Sorokin with a rebound.
0:56 of 3rd period - Snap shot by Brad Marchand.
0:56 of 3rd period - Shot Misses the Net.
0:58 of 3rd period - Snap shot by Brad Marchand.
0:58 of 3rd period - Shot Misses the Net.
1:00 of 3rd period - Slapshot by Charlie McAvoy.
1:00 of 3rd period - Stopped by Ilya Sorokin without a rebound.
1:01 of 3rd period - Bo Horvat wins face-off versus Charlie Coyle in New York Islanders zone.
1:08 of 3rd period - Slapshot by Bo Horvat.
1:08 of 3rd period - Deflect By Mathew Barzal.
1:08 of 3rd period - Shot Misses the Net.
1:08 of 3rd period - Puck is out of play.
1:09 of 3rd period - Charlie Coyle wins face-off versus Bo Horvat in Boston Bruins zone.
1:09 of 3rd period - Charlie Coyle is hit by Bo Horvat.
1:25 of 3rd period - Wrist shot by Bo Horvat.
1:25 of 3rd period - Shot Blocked by Erik Brannstrom.
1:27 of 3rd period - Wrist shot by Bo Horvat.
1:27 of 3rd period - Stopped by Linus Ullmark without a rebound.
1:28 of 3rd period - Brock Nelson wins face-off versus Trent Frederic in Boston Bruins zone.
1:29 of 3rd period - Slapshot by Thomas Chabot.
1:29 of 3rd period - Goal by Thomas Chabot - New York Islanders : 2 - Boston Bruins : 0.
1:30 of 3rd period - Bo Horvat wins face-off versus David Pastrnak in neutral zone.
1:35 of 3rd period - Slapshot by Thomas Chabot.
1:35 of 3rd period - Deflect By David Pastrnak.
1:35 of 3rd period - Stopped by Linus Ullmark with a rebound.
2:23 of 3rd period - Slapshot by Erik Brannstrom.
2:23 of 3rd period - Shot Blocked by Thomas Chabot.
2:25 of 3rd period - Snap shot by Patrick Brown.
2:25 of 3rd period - Stopped by Ilya Sorokin without a rebound.
2:26 of 3rd period - Patrick Brown wins face-off versus Bo Horvat in New York Islanders zone.
2:27 of 3rd period - Slapshot by Danton Heinen.
2:27 of 3rd period - Stopped by Ilya Sorokin without a rebound.
2:28 of 3rd period - Bo Horvat wins face-off versus Patrick Brown in New York Islanders zone.
2:41 of 3rd period - Wrist shot by Anders Lee.
2:41 of 3rd period - Shot Misses the Net.
3:03 of 3rd period - Wrist shot by Danton Heinen.
3:03 of 3rd period - Stopped by Ilya Sorokin with a rebound.
3:13 of 3rd period - Snap shot by Danton Heinen.
3:13 of 3rd period - Stopped by Ilya Sorokin without a rebound.
3:14 of 3rd period - Brock Nelson wins face-off versus Pavel Zacha in New York Islanders zone.
3:16 of 3rd period - Minor Penalty to Thomas Chabot for Interference.
3:17 of 3rd period - Bo Horvat wins face-off versus Charlie Coyle in New York Islanders zone.
3:29 of 3rd period - Wrist shot by Brad Marchand.
3:29 of 3rd period - Shot Blocked by Ryan Pulock.
3:31 of 3rd period - Wrist shot by Charlie Coyle.
3:31 of 3rd period - Shot Blocked by Scott Mayfield.
4:42 of 3rd period - Wrist shot by Matt Martin.
4:42 of 3rd period - Shot Blocked by Charlie McAvoy.
5:16 of 3rd period - Penalty to Thomas Chabot is over, Thomas Chabot is back on ice.
5:39 of 3rd period - Snap shot by Morgan Geekie.
5:39 of 3rd period - Stopped by Ilya Sorokin with a rebound.
5:41 of 3rd period - Wrist shot by Danton Heinen.
5:41 of 3rd period - Shot Blocked by Thomas Chabot.
5:43 of 3rd period - Slapshot by Morgan Geekie.
5:43 of 3rd period - Stopped by Ilya Sorokin with a rebound.
5:45 of 3rd period - Wrist shot by Alec Regula.
5:45 of 3rd period - Deflect By Danton Heinen.
5:45 of 3rd period - Stopped by Ilya Sorokin without a rebound.
5:46 of 3rd period - Trent Frederic wins face-off versus Julien Gauthier in New York Islanders zone.
6:18 of 3rd period - Charlie McAvoy is hit by Jason Zucker.
6:38 of 3rd period - Brad Marchand is hit by Matt Martin and loses puck.
6:43 of 3rd period - Snap shot by Jean-Gabriel Pageau.
6:43 of 3rd period - Stopped by Linus Ullmark with a rebound.
6:59 of 3rd period - Snap shot by Dominik Kubalik.
6:59 of 3rd period - Stopped by Ilya Sorokin without a rebound.
7:00 of 3rd period - Charlie Coyle wins face-off versus Bo Horvat in New York Islanders zone.
7:05 of 3rd period - Slapshot by Tony DeAngelo.
7:05 of 3rd period - Shot Misses the Net.
7:15 of 3rd period - Snap shot by Jake DeBrusk.
7:15 of 3rd period - Shot Blocked by Ryan Pulock.
7:21 of 3rd period - Wrist shot by Jake DeBrusk.
7:21 of 3rd period - Deflect By Dominik Kubalik.
7:21 of 3rd period - Goal by Dominik Kubalik - New York Islanders : 2 - Boston Bruins : 1.
7:22 of 3rd period - Bo Horvat wins face-off versus Pavel Zacha in neutral zone.
7:33 of 3rd period - Slapshot by Bo Horvat.
7:33 of 3rd period - Stopped by Linus Ullmark with a rebound.
7:39 of 3rd period - Wrist shot by Bo Horvat.
7:39 of 3rd period - Stopped by Linus Ullmark with a rebound.
7:45 of 3rd period - Minor Penalty to Charlie McAvoy for Boarding.
7:46 of 3rd period - Pavel Zacha wins face-off versus Bo Horvat in Boston Bruins zone.
7:59 of 3rd period - Wrist shot by Bo Horvat.
7:59 of 3rd period - Stopped by Linus Ullmark without a rebound.
8:00 of 3rd period - Bo Horvat wins face-off versus Pavel Zacha in Boston Bruins zone.
8:03 of 3rd period - Snap shot by Mathew Barzal.
8:03 of 3rd period - Deflect By Bo Horvat.
8:03 of 3rd period - Shot Misses the Net.
8:03 of 3rd period - Puck is out of play.
8:04 of 3rd period - Bo Horvat wins face-off versus Pavel Zacha in Boston Bruins zone.
9:45 of 3rd period - Penalty to Charlie McAvoy is over, Charlie McAvoy is back on ice.
10:48 of 3rd period - Off-side.
10:49 of 3rd period - Pavel Zacha wins face-off versus Mathew Barzal in neutral zone.
10:58 of 3rd period - Wrist shot by Brad Marchand.
10:58 of 3rd period - Stopped by Ilya Sorokin with a rebound.
11:14 of 3rd period - Jakob Chychrun is hit by Jesper Fast and loses puck.
11:54 of 3rd period - Minor Penalty to Patrick Brown for High sticking.
11:55 of 3rd period - Bo Horvat wins face-off versus Pavel Zacha in Boston Bruins zone.
11:55 of 3rd period - Snap shot by Mathew Barzal.
11:55 of 3rd period - Stopped by Linus Ullmark without a rebound.
11:56 of 3rd period - Pavel Zacha wins face-off versus Anders Lee in Boston Bruins zone.
11:56 of 3rd period - Pavel Zacha is hit by Scott Mayfield.
12:12 of 3rd period - Wrist shot by Mathew Barzal.
12:12 of 3rd period - Stopped by Linus Ullmark with a rebound.
12:57 of 3rd period - Brad Marchand is hit by Alexander Romanov and loses puck.
13:54 of 3rd period - Penalty to Patrick Brown is over, Patrick Brown is back on ice.
14:39 of 3rd period - Snap shot by Brad Marchand.
14:39 of 3rd period - Deflect By Charlie Coyle.
14:39 of 3rd period - Stopped by Ilya Sorokin with a rebound.
14:41 of 3rd period - Snap shot by Charlie Coyle.
14:41 of 3rd period - Shot Blocked by Adam Pelech.
14:43 of 3rd period - Slapshot by Hampus Lindholm.
14:43 of 3rd period - Stopped by Ilya Sorokin without a rebound.
14:44 of 3rd period - Bo Horvat wins face-off versus Trent Frederic in New York Islanders zone.
14:44 of 3rd period - Bo Horvat is hit by Derek Forbort.
15:00 of 3rd period - Slapshot by Bo Horvat.
15:00 of 3rd period - Shot Misses the Net.
15:35 of 3rd period - Minor Penalty to Alexander Romanov for Holding.
15:36 of 3rd period - Pavel Zacha wins face-off versus Bo Horvat in New York Islanders zone.
15:39 of 3rd period - Wrist shot by Jake DeBrusk.
15:39 of 3rd period - Shot Misses the Net.
15:41 of 3rd period - Snap shot by Pavel Zacha.
15:41 of 3rd period - Shot Misses the Net.
15:43 of 3rd period - Snap shot by Jake DeBrusk.
15:43 of 3rd period - Deflect By Pavel Zacha.
15:43 of 3rd period - Stopped by Ilya Sorokin with a rebound.
15:45 of 3rd period - Slapshot by Jake DeBrusk.
15:45 of 3rd period - Boston Bruins goal is going for a video replay.
15:45 of 3rd period - The goal is good.
15:45 of 3rd period - Goal by Jake DeBrusk - New York Islanders : 2 - Boston Bruins : 2.
15:46 of 3rd period - Bo Horvat wins face-off versus Trent Frederic in neutral zone.
17:49 of 3rd period - Wrist shot by Trent Frederic.
17:49 of 3rd period - Stopped by Ilya Sorokin with a rebound.
18:22 of 3rd period - Wrist shot by Derek Forbort.
18:22 of 3rd period - Deflect By Patrick Brown.
18:22 of 3rd period - Shot Misses the Net.
18:22 of 3rd period - Puck is out of play.
18:23 of 3rd period - Bo Horvat wins face-off versus Trent Frederic in New York Islanders zone.
18:54 of 3rd period - Snap shot by David Pastrnak.
18:54 of 3rd period - Stopped by Ilya Sorokin with a rebound.
Goals for this period are 1 for New York Islanders vs 2 for Boston Bruins.
Shots for this period are 9 for New York Islanders vs 18 for Boston Bruins.

Overtime #1


0:01 of 1st overtime period - Bo Horvat wins face-off versus David Pastrnak in neutral zone.
0:04 of 1st overtime period - Snap shot by Thomas Chabot.
0:04 of 1st overtime period - Shot Misses the Net.
0:10 of 1st overtime period - Wrist shot by David Pastrnak.
0:10 of 1st overtime period - Shot Blocked by Bo Horvat.
0:12 of 1st overtime period - Slapshot by Hampus Lindholm.
0:12 of 1st overtime period - Stopped by Ilya Sorokin without a rebound.
0:13 of 1st overtime period - Bo Horvat wins face-off versus David Pastrnak in New York Islanders zone.
0:40 of 1st overtime period - Anders Lee is hit by Charlie Coyle and loses puck.
1:09 of 1st overtime period - Bo Horvat is hit by Jake DeBrusk and loses puck.
1:44 of 1st overtime period - Snap shot by Pavel Zacha.
1:44 of 1st overtime period - Stopped by Ilya Sorokin without a rebound.
1:45 of 1st overtime period - David Pastrnak wins face-off versus Mathew Barzal in New York Islanders zone.
1:48 of 1st overtime period - Slapshot by Brad Marchand.
1:48 of 1st overtime period - Goal by Brad Marchand - New York Islanders : 2 - Boston Bruins : 3.
Goals for this period are 0 for New York Islanders vs 1 for Boston Bruins.
Shots for this period are 0 for New York Islanders vs 3 for Boston Bruins.